Boston Bruins vs Hartford Whalers
Created - Monday, May 8, 2023 at 07:02
Goals
|
| Boston Bruins |
1 |
1 |
0 |
2 |
| Hartford Whalers |
0 |
2 |
2 |
4 |
|
Shots
|
| Boston Bruins |
10 |
12 |
3 |
25 |
| Hartford Whalers |
11 |
15 |
12 |
38 |
|
1st period
1. Boston Bruins , Joel Farabee 16 (Ryan Donato 15, Charlie McAvoy 26) at 16:21
Penalties :
Anthony Mantha (HFD) for Elbowing (Minor) at 17:20
2nd period
2. Boston Bruins , Phil Kessel 23 (Vincent Trocheck 32, Tyson Barrie 11) at 3:39 (PP)
3. Hartford Whalers , Paul Byron 5 (Alexis Lafreniere 11, Torey Krug 14) at 11:38
4. Hartford Whalers , Torey Krug 2 (Kevin Labanc 5) at 17:52
Penalties :
Connor Clifton (HFD) for Hooking (Minor) at 2:52, Phil Kessel (BOS) for Holding (Minor) at 5:00
3rd period
5. Hartford Whalers , Alexis Lafreniere 10 (Paul Byron 7) at 6:11
6. Hartford Whalers , Michael Raffl 4 (Connor Clifton 4, Kevin Labanc 6) at 16:09
Penalties :
Vincent Trocheck (BOS) for Hooking (Minor) at 0:42, Pavel Zacha (BOS) for Holding (Minor) at 12:39, Phil Kessel (BOS) for Hooking (Minor) at 13:22, Casey Cizikas (HFD) for Tripping (Minor) at 17:37
Goalie Stats
David Rittich (BOS), 34 saves from 38 shots - (0.895), L, 11-17-4, 60:00 minutes
Anton Forsberg (HFD), 23 saves from 25 shots - (0.920), W, 13-8-2, 60:00 minutes
Players Stats for Boston Bruins
Player Name G A P +/- PIM S H SB GA TA FO MP PP MP PK MP
------------------------------------------------------------------------------------
Anthony Beauvillier 0 0 0 -1 0 0 0 0 0 0 0/2 8:13 0:00 2:44
Brandon Hagel 0 0 0 -1 0 1 1 0 0 0 0/0 13:05 0:11 0:00
Brock McGinn 0 0 0 -1 0 0 1 0 0 0 0/0 12:35 0:00 0:00
Charlie McAvoy 0 1 1 0 0 1 3 0 0 0 0/0 29:18 2:55 4:10
Danton Heinen 0 0 0 -1 0 1 0 0 0 0 0/0 5:05 0:03 0:00
Joel Farabee 1 0 1 -1 0 2 2 1 0 1 1/1 16:36 2:03 0:10
Joonas Donskoi 0 0 0 -1 0 1 0 0 0 1 0/0 16:18 1:55 0:00
Mason Appleton 0 0 0 0 0 0 1 0 0 0 0/0 2:02 0:14 0:00
Matt Grzelcyk 0 0 0 -1 0 0 0 0 0 2 0/0 10:45 0:00 0:00
Morgan Geekie 0 0 0 -1 0 2 0 0 0 0 4/7 12:48 0:00 0:13
Pavel Zacha 0 0 0 0 2 0 4 1 0 0 0/1 20:31 2:39 2:18
Phil Kessel 1 0 1 0 4 6 2 0 0 1 0/0 20:37 2:36 1:46
Ryan Donato 0 1 1 -1 0 4 4 0 1 1 2/15 18:51 1:55 2:19
Samuel Girard 0 0 0 0 0 0 1 0 0 1 0/0 29:18 2:55 4:10
Sean Durzi 0 0 0 -2 0 1 1 0 1 0 0/0 19:57 1:50 2:30
Tyson Barrie 0 1 1 -2 0 0 1 0 0 0 0/0 19:57 1:50 2:30
Victor Mete 0 0 0 -1 0 0 0 0 0 2 0/0 10:45 0:00 0:00
Vincent Trocheck 0 1 1 -1 2 6 3 0 4 0 21/41 25:19 2:39 2:33
Players Stats for Hartford Whalers
Player Name G A P +/- PIM S H SB GA TA FO MP PP MP PK MP
------------------------------------------------------------------------------------
Alexander Wennberg 0 0 0 -1 0 3 1 0 0 0 15/23 18:00 3:24 0:00
Alexis Lafreniere 1 1 2 2 0 7 3 0 2 0 0/1 13:10 0:00 0:46
Anthony Mantha 0 0 0 -1 2 7 1 0 1 1 1/5 18:00 3:24 0:00
Brett Howden 0 0 0 2 0 0 1 1 0 0 0/0 9:44 0:00 2:17
Casey Cizikas 0 0 0 2 2 0 2 1 0 0 6/11 13:40 0:00 1:10
Connor Clifton 0 1 1 2 2 0 1 0 0 0 0/0 14:01 0:00 0:00
Haydn Fleury 0 0 0 0 0 1 2 0 0 0 0/0 21:47 3:14 2:13
Jaccob Slavin 0 0 0 1 0 0 1 1 0 1 0/0 24:11 3:26 2:32
Josh Anderson 0 0 0 -1 0 1 1 0 0 0 0/0 18:00 3:24 0:00
Joshua Norris 0 0 0 0 0 3 2 0 3 0 11/16 17:17 3:16 0:00
Kevin Labanc 0 2 2 2 0 1 0 0 0 0 0/0 8:30 0:00 0:57
Marcus Foligno 0 0 0 0 0 2 2 0 0 0 1/1 17:17 3:16 0:00
Michael Raffl 1 0 1 2 0 1 1 0 0 1 1/2 9:37 0:00 2:04
Paul Byron 1 1 2 2 0 6 2 0 0 0 2/4 14:41 0:00 2:16
Taylor Hall 0 0 0 0 0 4 0 0 1 0 2/4 17:17 3:16 0:00
Torey Krug 1 1 2 1 0 2 2 4 2 1 0/0 24:11 3:26 2:32
Travis Dermott 0 0 0 2 0 0 0 1 0 0 0/0 14:02 0:00 0:00
Trevor van Riemsdyk 0 0 0 0 0 0 1 0 0 2 0/0 21:47 3:14 2:13
3 Stars
1 - Alexis Lafreniere (HFD)
2 - Paul Byron (HFD)
3 - Torey Krug (HFD)
Power Play
Boston Bruins - 1 on 3 Attempt(s) - 33.33%
Hartford Whalers - 0 on 4 Attempt(s) - 0.00%
Penalty Kill
Boston Bruins - 4 on 4 Attempt(s) - 100.00%
- Score 0 goal in Penalty Kill
Hartford Whalers - 2 on 3 Attempt(s) - 66.67%
- Score 0 goal in Penalty Kill
Team Stat
Boston Bruins - Hits : 24 - Faceoff Wins : 28 - Blocked Shots : 2 - Penalty Minutes : 8
Hartford Whalers - Hits : 23 - Faceoff Wins : 39 - Blocked Shots : 8 - Penalty Minutes : 6
Official
Referees : Dean Morton and Justin StPierre
Linesman : Kiel Murchison and Lonnie Cameron
Game Notes
No Game Note
Finance
Level 1 -- Attendance: 5115 (51.15%) -- Ticket Income $511,500
Level 2 -- Attendance: 3611 (72.22%) -- Ticket Income $216,660
Level 3 -- Attendance: 2125 (70.83%) -- Ticket Income $74,375
Level 4 -- Attendance: 3721 (74.42%) -- Ticket Income $93,025
Luxury Box -- Attendance: 691 (69.10%) -- Ticket Income $138,200
Game was played at the Hartford Civic Center.
Total Attendance: 15263 (63.60%)
Total Ticket Income: $1,033,760
Other Income: $361,816
Total Income: $1,395,576
Boston Bruins
5 vs 5 Forward
Center Left Wing Right Wing Time % Phy DF OF
1 Vincent Trocheck Pavel Zacha Phil Kessel 40 1 2 2
2 Ryan Donato Joel Farabee Joonas Donskoi 30 1 2 2
3 Morgan Geekie Brandon Hagel Brock McGinn 20 1 2 2
4 Vincent Trocheck Anthony Beauvillier Danton Heinen 10 1 2 2
5 vs 5 Defense
Defense Defense Time % Phy DF OF
1 Charlie McAvoy Samuel Girard 40 1 2 2
2 Tyson Barrie Sean Durzi 30 1 2 2
3 Matt Grzelcyk Victor Mete 20 1 2 2
4 Charlie McAvoy Samuel Girard 10 1 2 2
PowerPlay Forward
Center Left Wing Right Wing Time % Phy DF OF
1 Vincent Trocheck Pavel Zacha Phil Kessel 60 1 2 2
2 Ryan Donato Joel Farabee Joonas Donskoi 40 1 2 2
PowerPlay Defense
Defense Defense Time % Phy DF OF
1 Charlie McAvoy Samuel Girard 60 1 2 2
2 Tyson Barrie Sean Durzi 40 1 2 2
Penalty Kill 4 Players Forward
Center Wing Time % Phy DF OF
1 Vincent Trocheck Phil Kessel 60 1 2 2
2 Pavel Zacha Joel Farabee 40 1 2 2
Penalty Kill 4 Players Defense
Defense Defense Time % Phy DF OF
1 Charlie McAvoy Samuel Girard 60 1 2 2
2 Tyson Barrie Sean Durzi 40 1 2 2
Penalty Kill - 3 Players Forward
Forward Time % Phy DF OF
1 Vincent Trocheck 60 1 2 2
2 Phil Kessel 40 1 2 2
Penalty Kill - 3 Players Defense
Defense Defense Time % Phy DF OF
1 Charlie McAvoy Samuel Girard 60 1 2 2
2 Tyson Barrie Sean Durzi 40 1 2 2
4 vs 4 Forward
Center Wing Time % Phy DF OF
1 Vincent Trocheck Phil Kessel 60 1 2 2
2 Pavel Zacha Joel Farabee 40 1 2 2
4 vs 4 Defense
Defense Defense Time % Phy DF OF
1 Charlie McAvoy Samuel Girard 60 1 2 2
2 Tyson Barrie Sean Durzi 40 1 2 2
Last Minutes Offensive
Center Left Wing Right Wing Defense Defense
Vincent Trocheck Pavel Zacha Phil Kessel Charlie McAvoy Samuel Girard
Last Minutes Defensive
Center Left Wing Right Wing Defense Defense
Vincent Trocheck Pavel Zacha Phil Kessel Charlie McAvoy Samuel Girard
Goaltenders
Starting : David Rittich
Backup : Olivier Rodrigue
Extra Forwards
Normal : Mason Appleton, Brandon Hagel, Anthony Beauvillier - PP : Mason Appleton, Brandon Hagel - PK : Anthony Beauvillier
Extra Defensemen
Normal : Matt Grzelcyk, Victor Mete, Tyson Barrie - PP : Matt Grzelcyk - PK : Victor Mete, Tyson Barrie
Penalty Shots
Vincent Trocheck, Phil Kessel, Pavel Zacha, Joel Farabee, Brandon Hagel
Hartford Whalers
5 vs 5 Forward
Center Left Wing Right Wing Time % Phy DF OF
1 Joshua Norris Taylor Hall Marcus Foligno 30 1 2 2
2 Alexander Wennberg Josh Anderson Anthony Mantha 30 1 2 2
3 Casey Cizikas Alexis Lafreniere Paul Byron 25 1 2 2
4 Michael Raffl Kevin Labanc Brett Howden 15 1 2 2
5 vs 5 Defense
Defense Defense Time % Phy DF OF
1 Jaccob Slavin Torey Krug 35 1 2 2
2 Trevor van Riemsdyk Haydn Fleury 35 1 2 2
3 Connor Clifton Travis Dermott 30 1 2 2
4 Jaccob Slavin Torey Krug 0 1 2 2
PowerPlay Forward
Center Left Wing Right Wing Time % Phy DF OF
1 Joshua Norris Taylor Hall Marcus Foligno 50 1 2 2
2 Alexander Wennberg Anthony Mantha Josh Anderson 50 1 2 2
PowerPlay Defense
Defense Defense Time % Phy DF OF
1 Jaccob Slavin Torey Krug 50 1 2 2
2 Trevor van Riemsdyk Haydn Fleury 50 1 2 2
Penalty Kill 4 Players Forward
Center Wing Time % Phy DF OF
1 Casey Cizikas Michael Raffl 50 1 2 2
2 Paul Byron Brett Howden 50 1 2 2
Penalty Kill 4 Players Defense
Defense Defense Time % Phy DF OF
1 Jaccob Slavin Torey Krug 50 1 2 2
2 Trevor van Riemsdyk Haydn Fleury 50 1 2 2
Penalty Kill - 3 Players Forward
Forward Time % Phy DF OF
1 Casey Cizikas 50 1 2 2
2 Michael Raffl 50 1 2 2
Penalty Kill - 3 Players Defense
Defense Defense Time % Phy DF OF
1 Jaccob Slavin Torey Krug 50 1 2 2
2 Trevor van Riemsdyk Haydn Fleury 50 1 2 2
4 vs 4 Forward
Center Wing Time % Phy DF OF
1 Taylor Hall Joshua Norris 50 1 2 2
2 Marcus Foligno Michael Raffl 50 1 2 2
4 vs 4 Defense
Defense Defense Time % Phy DF OF
1 Jaccob Slavin Torey Krug 50 1 2 2
2 Trevor van Riemsdyk Haydn Fleury 50 1 2 2
Last Minutes Offensive
Center Left Wing Right Wing Defense Defense
Joshua Norris Taylor Hall Marcus Foligno Jaccob Slavin Torey Krug
Last Minutes Defensive
Center Left Wing Right Wing Defense Defense
Casey Cizikas Michael Raffl Paul Byron Jaccob Slavin Torey Krug
Goaltenders
Starting : Anton Forsberg
Backup : Logan Thompson
Extra Forwards
Normal : Brett Howden, Joshua Norris, Taylor Hall - PP : Marcus Foligno, Alexander Wennberg - PK : Kevin Labanc
Extra Defensemen
Normal : Trevor van Riemsdyk, Jaccob Slavin, Torey Krug - PP : Trevor van Riemsdyk - PK : Trevor van Riemsdyk, Jaccob Slavin
Penalty Shots
Brett Howden, Joshua Norris, Taylor Hall, Marcus Foligno, Alexander Wennberg
% Time on Ice - Boston Bruins
Lines # - Real PCT - Wanted PCT - Time Play
Normal Forward
1 - 34% - 40% - 16:35
2 - 30% - 30% - 14:23
3 - 26% - 20% - 12:35
4 - 10% - 10% - 5:02
Normal Defense
1 - 40% - 40% - 19:29
2 - 32% - 30% - 15:37
3 - 22% - 20% - 10:45
4 - 6% - 10% - 2:44
PP Forward
1 - 60% - 60% - 2:50
2 - 40% - 40% - 1:55
PP Defense
1 - 61% - 60% - 2:55
2 - 39% - 40% - 1:50
PK Forward
1 - 94% - 60% - 5:05
2 - 6% - 40% - 0:19
PK Defense
1 - 63% - 60% - 3:25
2 - 37% - 40% - 1:59
PK3 Forward
1 - 78% - 60% - 0:59
2 - 22% - 40% - 0:17
PK3 Defense
1 - 59% - 60% - 0:45
2 - 41% - 40% - 0:31
44 Forward
1 - 0% - 60%
2 - 0% - 40%
44 Defense
1 - 0% - 60%
2 - 0% - 40%
Last Minute Offensive - 0:00
Last Minute Defensive - 0:00
Total
Forward - 60:00
Defense - 60:00
|
% Time on Ice - Hartford Whalers
Lines # - Real PCT - Wanted PCT - Time Play
Normal Forward
1 - 29% - 30% - 14:08
2 - 30% - 30% - 14:37
3 - 26% - 25% - 12:24
4 - 15% - 15% - 7:26
Normal Defense
1 - 34% - 35% - 16:28
2 - 34% - 35% - 16:20
3 - 29% - 30% - 14:02
4 - 4% - 0% - 1:45
PP Forward
1 - 49% - 50% - 3:16
2 - 51% - 50% - 3:24
PP Defense
1 - 52% - 50% - 3:26
2 - 49% - 50% - 3:14
PK Forward
1 - 60% - 50% - 2:50
2 - 40% - 50% - 1:55
PK Defense
1 - 53% - 50% - 2:32
2 - 47% - 50% - 2:13
PK3 Forward
1 - 0% - 50%
2 - 0% - 50%
PK3 Defense
1 - 0% - 50%
2 - 0% - 50%
44 Forward
1 - 0% - 50%
2 - 0% - 50%
44 Defense
1 - 0% - 50%
2 - 0% - 50%
Last Minute Offensive - 0:00
Last Minute Defensive - 0:00
Total
Forward - 60:00
Defense - 60:00
|
Play-by-Play
1st period
0:01 of 1st period - Vincent Trocheck wins face-off versus Taylor Hall in neutral zone.
0:26 of 1st period - Charlie McAvoy is hit by Torey Krug and loses puck.
1:11 of 1st period - Sean Durzi is hit by Torey Krug and loses puck.
1:54 of 1st period - Snap shot by Phil Kessel.
1:54 of 1st period - Deflect By Vincent Trocheck.
1:54 of 1st period - Shot Blocked by Torey Krug.
1:54 of 1st period - Puck is out of play.
1:55 of 1st period - Alexander Wennberg wins face-off versus Ryan Donato in Hartford Whalers zone.
1:55 of 1st period - Alexander Wennberg is hit by Ryan Donato.
2:05 of 1st period - Wrist shot by Anthony Mantha.
2:05 of 1st period - Stopped by David Rittich with a rebound.
2:43 of 1st period - Wrist shot by Ryan Donato.
2:43 of 1st period - Stopped by Anton Forsberg without a rebound.
2:44 of 1st period - Casey Cizikas wins face-off versus Morgan Geekie in Hartford Whalers zone.
2:53 of 1st period - Snap shot by Alexis Lafreniere.
2:53 of 1st period - Deflect By Sean Durzi.
2:53 of 1st period - Shot Hit the Post.
2:53 of 1st period - Puck is out of play.
2:54 of 1st period - Morgan Geekie wins face-off versus Casey Cizikas in Boston Bruins zone.
3:27 of 1st period - Slapshot by Alexis Lafreniere.
3:27 of 1st period - Stopped by David Rittich with a rebound.
3:33 of 1st period - Snap shot by Brandon Hagel.
3:33 of 1st period - Shot Blocked by Casey Cizikas.
3:35 of 1st period - Slapshot by Sean Durzi.
3:35 of 1st period - Stopped by Anton Forsberg without a rebound.
3:36 of 1st period - Vincent Trocheck wins face-off versus Alexander Wennberg in Hartford Whalers zone.
3:37 of 1st period - Wrist shot by Phil Kessel.
3:37 of 1st period - Stopped by Anton Forsberg without a rebound.
3:38 of 1st period - Vincent Trocheck wins face-off versus Anthony Mantha in Hartford Whalers zone.
4:07 of 1st period - Snap shot by Joshua Norris.
4:07 of 1st period - Shot Misses the Net.
6:23 of 1st period - Off-side.
6:24 of 1st period - Vincent Trocheck wins face-off versus Alexander Wennberg in neutral zone.
6:49 of 1st period - Brandon Hagel is hit by Jaccob Slavin and loses puck.
7:49 of 1st period - Icing by Torey Krug.
7:50 of 1st period - Morgan Geekie wins face-off versus Michael Raffl in Hartford Whalers zone.
8:15 of 1st period - Alexander Wennberg is hit by Vincent Trocheck and loses puck.
9:10 of 1st period - Brandon Hagel is hit by Connor Clifton and loses puck.
9:25 of 1st period - Brandon Hagel is hit by Anthony Mantha.
9:58 of 1st period - Off-side.
9:59 of 1st period - Vincent Trocheck wins face-off versus Taylor Hall in neutral zone.
10:02 of 1st period - Snap shot by Phil Kessel.
10:02 of 1st period - Deflect By Vincent Trocheck.
10:02 of 1st period - Stopped by Anton Forsberg without a rebound.
10:03 of 1st period - Vincent Trocheck wins face-off versus Joshua Norris in Hartford Whalers zone.
10:06 of 1st period - Snap shot by Vincent Trocheck.
10:06 of 1st period - Shot Misses the Net.
10:12 of 1st period - Sean Durzi is hit by Joshua Norris and loses puck.
10:30 of 1st period - Snap shot by Ryan Donato.
10:30 of 1st period - Deflect By Alexander Wennberg.
10:30 of 1st period - Shot Misses the Net.
10:30 of 1st period - Puck is out of play.
10:31 of 1st period - Alexander Wennberg wins face-off versus Ryan Donato in Hartford Whalers zone.
10:31 of 1st period - Alexander Wennberg is hit by Ryan Donato.
10:50 of 1st period - Off-side.
10:51 of 1st period - Joshua Norris wins face-off versus Vincent Trocheck in neutral zone.
11:18 of 1st period - Alexander Wennberg is hit by Brock McGinn and loses puck.
11:49 of 1st period - Icing by Joonas Donskoi.
11:50 of 1st period - Joshua Norris wins face-off versus Ryan Donato in Boston Bruins zone.
12:12 of 1st period - Icing by Joonas Donskoi.
12:13 of 1st period - Casey Cizikas wins face-off versus Ryan Donato in Boston Bruins zone.
12:14 of 1st period - Snap shot by Alexis Lafreniere.
12:14 of 1st period - Shot Misses the Net.
12:16 of 1st period - Snap shot by Alexander Wennberg.
12:16 of 1st period - Stopped by David Rittich with a rebound.
12:18 of 1st period - Snap shot by Anthony Mantha.
12:18 of 1st period - Stopped by David Rittich with a rebound.
12:26 of 1st period - Wrist shot by Anthony Mantha.
12:26 of 1st period - Shot Blocked by Joel Farabee.
13:36 of 1st period - Off-side.
13:37 of 1st period - Alexander Wennberg wins face-off versus Ryan Donato in neutral zone.
13:48 of 1st period - Wrist shot by Anthony Mantha.
13:48 of 1st period - Stopped by David Rittich with a rebound.
14:07 of 1st period - Snap shot by Alexis Lafreniere.
14:07 of 1st period - Stopped by David Rittich without a rebound.
14:08 of 1st period - Paul Byron wins face-off versus Vincent Trocheck in Boston Bruins zone.
14:17 of 1st period - Wrist shot by Vincent Trocheck.
14:17 of 1st period - Stopped by Anton Forsberg without a rebound.
14:18 of 1st period - Joshua Norris wins face-off versus Vincent Trocheck in Hartford Whalers zone.
14:18 of 1st period - Joshua Norris is hit by Pavel Zacha.
14:30 of 1st period - Slapshot by Vincent Trocheck.
14:30 of 1st period - Stopped by Anton Forsberg with a rebound.
14:44 of 1st period - Wrist shot by Joel Farabee.
14:44 of 1st period - Shot Misses the Net.
14:46 of 1st period - Wrist shot by Ryan Donato.
14:46 of 1st period - Stopped by Anton Forsberg without a rebound.
14:47 of 1st period - Alexander Wennberg wins face-off versus Ryan Donato in Hartford Whalers zone.
15:12 of 1st period - Trevor van Riemsdyk is hit by Vincent Trocheck and loses puck.
15:33 of 1st period - Wrist shot by Taylor Hall.
15:33 of 1st period - Stopped by David Rittich with a rebound.
15:35 of 1st period - Snap shot by Alexis Lafreniere.
15:35 of 1st period - Stopped by David Rittich with a rebound.
15:43 of 1st period - Snap shot by Paul Byron.
15:43 of 1st period - Stopped by David Rittich with a rebound.
16:19 of 1st period - Backhand shot by Ryan Donato.
16:19 of 1st period - Shot Misses the Net.
16:21 of 1st period - Wrist shot by Ryan Donato.
16:21 of 1st period - Deflect By Joel Farabee.
16:21 of 1st period - Goal by Joel Farabee - Boston Bruins : 1 - Hartford Whalers : 0.
16:22 of 1st period - Vincent Trocheck wins face-off versus Joshua Norris in neutral zone.
16:29 of 1st period - Slapshot by Joshua Norris.
16:29 of 1st period - Stopped by David Rittich without a rebound.
16:30 of 1st period - Taylor Hall wins face-off versus Vincent Trocheck in Boston Bruins zone.
16:46 of 1st period - Icing by Travis Dermott.
16:47 of 1st period - Joshua Norris wins face-off versus Ryan Donato in Hartford Whalers zone.
17:01 of 1st period - Off-side.
17:02 of 1st period - Vincent Trocheck wins face-off versus Casey Cizikas in neutral zone.
17:11 of 1st period - Snap shot by Vincent Trocheck.
17:11 of 1st period - Stopped by Anton Forsberg with a rebound.
17:13 of 1st period - Snap shot by Vincent Trocheck.
17:13 of 1st period - Shot Misses the Net.
17:15 of 1st period - Slapshot by Phil Kessel.
17:15 of 1st period - Shot Blocked by Jaccob Slavin.
17:17 of 1st period - Snap shot by Phil Kessel.
17:17 of 1st period - Stopped by Anton Forsberg without a rebound.
17:18 of 1st period - Alexander Wennberg wins face-off versus Anthony Beauvillier in Hartford Whalers zone.
17:20 of 1st period - Minor Penalty to Anthony Mantha for Elbowing.
17:21 of 1st period - Vincent Trocheck wins face-off versus Casey Cizikas in Hartford Whalers zone.
17:31 of 1st period - Slapshot by Phil Kessel.
17:31 of 1st period - Shot Blocked by Torey Krug.
18:09 of 1st period - Paul Byron is hit by Sean Durzi and loses puck.
19:20 of 1st period - Penalty to Anthony Mantha is over, Anthony Mantha is back on ice.
19:29 of 1st period - Marcus Foligno is hit by Charlie McAvoy and loses puck.
19:36 of 1st period - Wrist shot by Taylor Hall.
19:36 of 1st period - Stopped by David Rittich with a rebound.
19:56 of 1st period - Charlie McAvoy is hit by Marcus Foligno and loses puck.
Goals for this period are 1 for Boston Bruins vs 0 for Hartford Whalers.
Shots for this period are 10 for Boston Bruins vs 11 for Hartford Whalers.
2nd period
0:01 of 2nd period - Vincent Trocheck wins face-off versus Alexander Wennberg in neutral zone.
0:08 of 2nd period - Snap shot by Pavel Zacha.
0:08 of 2nd period - Shot Misses the Net.
0:14 of 2nd period - Snap shot by Vincent Trocheck.
0:14 of 2nd period - Stopped by Anton Forsberg with a rebound.
0:16 of 2nd period - Wrist shot by Phil Kessel.
0:16 of 2nd period - Stopped by Anton Forsberg without a rebound.
0:17 of 2nd period - Joel Farabee wins face-off versus Casey Cizikas in Hartford Whalers zone.
0:28 of 2nd period - Wrist shot by Ryan Donato.
0:28 of 2nd period - Stopped by Anton Forsberg without a rebound.
0:29 of 2nd period - Vincent Trocheck wins face-off versus Anthony Mantha in Hartford Whalers zone.
0:30 of 2nd period - Backhand shot by Phil Kessel.
0:30 of 2nd period - Stopped by Anton Forsberg without a rebound.
0:31 of 2nd period - Alexander Wennberg wins face-off versus Vincent Trocheck in Hartford Whalers zone.
1:13 of 2nd period - Joel Farabee is hit by Alexis Lafreniere.
1:31 of 2nd period - Wrist shot by Joshua Norris.
1:31 of 2nd period - Shot Misses the Net.
1:39 of 2nd period - Jaccob Slavin is hit by Samuel Girard and loses puck.
1:57 of 2nd period - Wrist shot by Phil Kessel.
1:57 of 2nd period - Deflect By Pavel Zacha.
1:57 of 2nd period - Shot Misses the Net.
1:57 of 2nd period - Puck is out of play.
1:58 of 2nd period - Alexander Wennberg wins face-off versus Vincent Trocheck in Hartford Whalers zone.
2:34 of 2nd period - Wrist shot by Ryan Donato.
2:34 of 2nd period - Shot Misses the Net.
2:52 of 2nd period - Minor Penalty to Connor Clifton for Hooking.
2:53 of 2nd period - Paul Byron wins face-off versus Vincent Trocheck in Hartford Whalers zone.
2:53 of 2nd period - Paul Byron is hit by Pavel Zacha.
3:02 of 2nd period - Wrist shot by Michael Raffl.
3:02 of 2nd period - Shot Blocked by Pavel Zacha.
3:24 of 2nd period - Snap shot by Joel Farabee.
3:24 of 2nd period - Stopped by Anton Forsberg without a rebound.
3:25 of 2nd period - Vincent Trocheck wins face-off versus Paul Byron in Hartford Whalers zone.
3:35 of 2nd period - Slapshot by Tyson Barrie.
3:35 of 2nd period - Shot Blocked by Brett Howden.
3:37 of 2nd period - Slapshot by Vincent Trocheck.
3:37 of 2nd period - Shot Misses the Net.
3:39 of 2nd period - Snap shot by Phil Kessel.
3:39 of 2nd period - Goal by Phil Kessel - Boston Bruins : 2 - Hartford Whalers : 0.
3:40 of 2nd period - Anthony Mantha wins face-off versus Vincent Trocheck in neutral zone.
4:09 of 2nd period - Icing by Sean Durzi.
4:10 of 2nd period - Ryan Donato wins face-off versus Alexis Lafreniere in Boston Bruins zone.
4:15 of 2nd period - Slapshot by Charlie McAvoy.
4:15 of 2nd period - Stopped by Anton Forsberg without a rebound.
4:16 of 2nd period - Alexander Wennberg wins face-off versus Vincent Trocheck in Hartford Whalers zone.
4:30 of 2nd period - Wrist shot by Haydn Fleury.
4:30 of 2nd period - Stopped by David Rittich with a rebound.
4:32 of 2nd period - Slapshot by Haydn Fleury.
4:32 of 2nd period - Shot Misses the Net.
4:50 of 2nd period - Wrist shot by Alexis Lafreniere.
4:50 of 2nd period - Shot Misses the Net.
4:52 of 2nd period - Snap shot by Paul Byron.
4:52 of 2nd period - Stopped by David Rittich with a rebound.
5:00 of 2nd period - Minor Penalty to Phil Kessel for Holding.
5:01 of 2nd period - Vincent Trocheck wins face-off versus Joshua Norris in Boston Bruins zone.
7:00 of 2nd period - Penalty to Phil Kessel is over, Phil Kessel is back on ice.
7:19 of 2nd period - Victor Mete is hit by Casey Cizikas and loses puck.
7:50 of 2nd period - Brandon Hagel is hit by Casey Cizikas and loses puck.
8:03 of 2nd period - Phil Kessel is hit by Brett Howden and loses puck.
8:41 of 2nd period - Off-side.
8:42 of 2nd period - Casey Cizikas wins face-off versus Morgan Geekie in neutral zone.
8:45 of 2nd period - Snap shot by Paul Byron.
8:45 of 2nd period - Shot Misses the Net.
9:52 of 2nd period - Morgan Geekie is hit by Haydn Fleury and loses puck.
10:28 of 2nd period - Wrist shot by Morgan Geekie.
10:28 of 2nd period - Stopped by Anton Forsberg without a rebound.
10:29 of 2nd period - Joshua Norris wins face-off versus Ryan Donato in Hartford Whalers zone.
11:16 of 2nd period - Wrist shot by Vincent Trocheck.
11:16 of 2nd period - Stopped by Anton Forsberg with a rebound.
11:28 of 2nd period - Wrist shot by Paul Byron.
11:28 of 2nd period - Stopped by David Rittich without a rebound.
11:29 of 2nd period - Casey Cizikas wins face-off versus Ryan Donato in Boston Bruins zone.
11:36 of 2nd period - Wrist shot by Alexis Lafreniere.
11:36 of 2nd period - Stopped by David Rittich with a rebound.
11:38 of 2nd period - Snap shot by Paul Byron.
11:38 of 2nd period - Goal by Paul Byron - Boston Bruins : 2 - Hartford Whalers : 1.
11:39 of 2nd period - Joshua Norris wins face-off versus Vincent Trocheck in neutral zone.
11:50 of 2nd period - Wrist shot by Taylor Hall.
11:50 of 2nd period - Shot Misses the Net.
11:52 of 2nd period - Wrist shot by Joshua Norris.
11:52 of 2nd period - Stopped by David Rittich with a rebound.
11:54 of 2nd period - Snap shot by Marcus Foligno.
11:54 of 2nd period - Stopped by David Rittich without a rebound.
11:55 of 2nd period - Alexander Wennberg wins face-off versus Ryan Donato in Boston Bruins zone.
11:56 of 2nd period - Wrist shot by Anthony Mantha.
11:56 of 2nd period - Stopped by David Rittich with a rebound.
11:58 of 2nd period - Wrist shot by Josh Anderson.
11:58 of 2nd period - Deflect By Charlie McAvoy.
11:58 of 2nd period - Shot Misses the Net.
11:58 of 2nd period - Puck is out of play.
11:59 of 2nd period - Alexander Wennberg wins face-off versus Ryan Donato in Boston Bruins zone.
12:13 of 2nd period - Slapshot by Torey Krug.
12:13 of 2nd period - Stopped by David Rittich with a rebound.
12:55 of 2nd period - Snap shot by Alexis Lafreniere.
12:55 of 2nd period - Stopped by David Rittich without a rebound.
12:56 of 2nd period - Vincent Trocheck wins face-off versus Alexander Wennberg in Boston Bruins zone.
13:34 of 2nd period - Wrist shot by Taylor Hall.
13:34 of 2nd period - Stopped by David Rittich without a rebound.
13:35 of 2nd period - Vincent Trocheck wins face-off versus Casey Cizikas in Boston Bruins zone.
13:35 of 2nd period - Vincent Trocheck is hit by Paul Byron.
13:47 of 2nd period - Travis Dermott is hit by Pavel Zacha and loses puck.
14:28 of 2nd period - Wrist shot by Anthony Mantha.
14:28 of 2nd period - Stopped by David Rittich without a rebound.
14:29 of 2nd period - Morgan Geekie wins face-off versus Anthony Mantha in Boston Bruins zone.
15:20 of 2nd period - Alexis Lafreniere is hit by Ryan Donato and loses puck.
15:41 of 2nd period - Slapshot by Brett Howden.
15:41 of 2nd period - Deflect By Kevin Labanc.
15:41 of 2nd period - Shot Misses the Net.
15:41 of 2nd period - Puck is out of play.
15:42 of 2nd period - Morgan Geekie wins face-off versus Alexander Wennberg in Boston Bruins zone.
15:42 of 2nd period - Morgan Geekie is hit by Alexander Wennberg.
16:38 of 2nd period - Wrist shot by Brock McGinn.
16:38 of 2nd period - Shot Misses the Net.
16:40 of 2nd period - Snap shot by Matt Grzelcyk.
16:40 of 2nd period - Shot Blocked by Torey Krug.
16:46 of 2nd period - Slapshot by Brandon Hagel.
16:46 of 2nd period - Stopped by Anton Forsberg without a rebound.
16:47 of 2nd period - Joshua Norris wins face-off versus Vincent Trocheck in Hartford Whalers zone.
17:18 of 2nd period - Wrist shot by Phil Kessel.
17:18 of 2nd period - Stopped by Anton Forsberg without a rebound.
17:19 of 2nd period - Ryan Donato wins face-off versus Anthony Mantha in Hartford Whalers zone.
17:50 of 2nd period - Wrist shot by Torey Krug.
17:50 of 2nd period - Shot Misses the Net.
17:52 of 2nd period - Slapshot by Torey Krug.
17:52 of 2nd period - Goal by Torey Krug - Boston Bruins : 2 - Hartford Whalers : 2.
17:53 of 2nd period - Vincent Trocheck wins face-off versus Joshua Norris in neutral zone.
17:53 of 2nd period - Vincent Trocheck is hit by Marcus Foligno.
18:05 of 2nd period - Snap shot by Joshua Norris.
18:05 of 2nd period - Stopped by David Rittich with a rebound.
18:19 of 2nd period - Charlie McAvoy is hit by Josh Anderson.
18:30 of 2nd period - Off-side.
18:31 of 2nd period - Vincent Trocheck wins face-off versus Joshua Norris in neutral zone.
18:58 of 2nd period - Josh Anderson is hit by Ryan Donato and loses puck.
19:03 of 2nd period - Snap shot by Joel Farabee.
19:03 of 2nd period - Deflect By Joonas Donskoi.
19:03 of 2nd period - Stopped by Anton Forsberg with a rebound.
19:27 of 2nd period - Michael Raffl is hit by Charlie McAvoy.
19:49 of 2nd period - Wrist shot by Alexis Lafreniere.
19:49 of 2nd period - Stopped by David Rittich with a rebound.
Goals for this period are 1 for Boston Bruins vs 2 for Hartford Whalers.
Shots for this period are 12 for Boston Bruins vs 15 for Hartford Whalers.
3rd period
0:01 of 3rd period - Alexander Wennberg wins face-off versus Vincent Trocheck in neutral zone.
0:12 of 3rd period - Alexander Wennberg is hit by Pavel Zacha and loses puck.
0:27 of 3rd period - Slapshot by Tyson Barrie.
0:27 of 3rd period - Shot Misses the Net.
0:35 of 3rd period - Snap shot by Anthony Mantha.
0:35 of 3rd period - Stopped by David Rittich without a rebound.
0:36 of 3rd period - Joshua Norris wins face-off versus Vincent Trocheck in Boston Bruins zone.
0:42 of 3rd period - Minor Penalty to Vincent Trocheck for Hooking.
0:43 of 3rd period - Alexander Wennberg wins face-off versus Anthony Beauvillier in Boston Bruins zone.
1:19 of 3rd period - Snap shot by Marcus Foligno.
1:19 of 3rd period - Stopped by David Rittich with a rebound.
2:42 of 3rd period - Penalty to Vincent Trocheck is over, Vincent Trocheck is back on ice.
3:06 of 3rd period - Snap shot by Phil Kessel.
3:06 of 3rd period - Shot Blocked by Travis Dermott.
3:14 of 3rd period - Paul Byron is hit by Phil Kessel and loses puck.
3:21 of 3rd period - Ryan Donato is hit by Paul Byron and loses puck.
4:30 of 3rd period - Charlie McAvoy is hit by Michael Raffl.
5:21 of 3rd period - Travis Dermott is hit by Charlie McAvoy and loses puck.
5:38 of 3rd period - Wrist shot by Josh Anderson.
5:38 of 3rd period - Deflect By Anthony Mantha.
5:38 of 3rd period - Shot Misses the Net.
5:38 of 3rd period - Puck is out of play.
5:39 of 3rd period - Vincent Trocheck wins face-off versus Alexander Wennberg in Boston Bruins zone.
5:50 of 3rd period - Snap shot by Alexander Wennberg.
5:50 of 3rd period - Stopped by David Rittich with a rebound.
5:52 of 3rd period - Backhand shot by Josh Anderson.
5:52 of 3rd period - Stopped by David Rittich with a rebound.
6:09 of 3rd period - Snap shot by Alexis Lafreniere.
6:09 of 3rd period - Deflect By Paul Byron.
6:09 of 3rd period - Stopped by David Rittich with a rebound.
6:11 of 3rd period - Slapshot by Paul Byron.
6:11 of 3rd period - Deflect By Alexis Lafreniere.
6:11 of 3rd period - Goal by Alexis Lafreniere - Boston Bruins : 2 - Hartford Whalers : 3.
6:12 of 3rd period - Joshua Norris wins face-off versus Vincent Trocheck in neutral zone.
6:31 of 3rd period - Icing by Pavel Zacha.
6:32 of 3rd period - Vincent Trocheck wins face-off versus Alexander Wennberg in Boston Bruins zone.
6:55 of 3rd period - Vincent Trocheck is hit by Joshua Norris and loses puck.
7:12 of 3rd period - Marcus Foligno is hit by Phil Kessel and loses puck.
7:25 of 3rd period - Slapshot by Phil Kessel.
7:25 of 3rd period - Shot Misses the Net.
7:27 of 3rd period - Snap shot by Pavel Zacha.
7:27 of 3rd period - Deflect By Torey Krug.
7:27 of 3rd period - Shot Misses the Net.
7:27 of 3rd period - Puck is out of play.
7:28 of 3rd period - Alexander Wennberg wins face-off versus Ryan Donato in Hartford Whalers zone.
7:57 of 3rd period - Snap shot by Morgan Geekie.
7:57 of 3rd period - Shot Misses the Net.
8:33 of 3rd period - Slapshot by Joshua Norris.
8:33 of 3rd period - Shot Misses the Net.
8:47 of 3rd period - Slapshot by Anthony Mantha.
8:47 of 3rd period - Stopped by David Rittich with a rebound.
9:03 of 3rd period - Morgan Geekie is hit by Alexis Lafreniere and loses puck.
9:24 of 3rd period - Slapshot by Anthony Beauvillier.
9:24 of 3rd period - Shot Misses the Net.
9:26 of 3rd period - Snap shot by Danton Heinen.
9:26 of 3rd period - Shot Hit the Post.
9:28 of 3rd period - Snap shot by Danton Heinen.
9:28 of 3rd period - Stopped by Anton Forsberg with a rebound.
10:13 of 3rd period - Jaccob Slavin is hit by Tyson Barrie and loses puck.
10:30 of 3rd period - Travis Dermott is hit by Joel Farabee and loses puck.
10:46 of 3rd period - Kevin Labanc is hit by Vincent Trocheck and loses puck.
11:10 of 3rd period - Charlie McAvoy is hit by Haydn Fleury and loses puck.
11:36 of 3rd period - Alexander Wennberg is hit by Mason Appleton.
11:50 of 3rd period - Slapshot by Paul Byron.
11:50 of 3rd period - Stopped by David Rittich without a rebound.
11:51 of 3rd period - Casey Cizikas wins face-off versus Morgan Geekie in Boston Bruins zone.
12:02 of 3rd period - Snap shot by Morgan Geekie.
12:02 of 3rd period - Stopped by Anton Forsberg without a rebound.
12:03 of 3rd period - Joshua Norris wins face-off versus Pavel Zacha in Hartford Whalers zone.
12:10 of 3rd period - Off-side.
12:11 of 3rd period - Joshua Norris wins face-off versus Vincent Trocheck in neutral zone.
12:13 of 3rd period - Off-side.
12:14 of 3rd period - Alexander Wennberg wins face-off versus Vincent Trocheck in neutral zone.
12:17 of 3rd period - Snap shot by Alexander Wennberg.
12:17 of 3rd period - Stopped by David Rittich without a rebound.
12:18 of 3rd period - Alexander Wennberg wins face-off versus Vincent Trocheck in Boston Bruins zone.
12:39 of 3rd period - Minor Penalty to Pavel Zacha for Holding.
12:40 of 3rd period - Taylor Hall wins face-off versus Vincent Trocheck in Boston Bruins zone.
12:55 of 3rd period - Wrist shot by Taylor Hall.
12:55 of 3rd period - Stopped by David Rittich without a rebound.
12:56 of 3rd period - Vincent Trocheck wins face-off versus Alexander Wennberg in Boston Bruins zone.
13:22 of 3rd period - Minor Penalty to Phil Kessel for Hooking.
13:23 of 3rd period - Marcus Foligno wins face-off versus Vincent Trocheck in Boston Bruins zone.
14:28 of 3rd period - Tyson Barrie is hit by Trevor van Riemsdyk and loses puck.
14:39 of 3rd period - Penalty to Pavel Zacha is over, Pavel Zacha is back on ice.
14:43 of 3rd period - Snap shot by Pavel Zacha.
14:43 of 3rd period - Shot Blocked by Torey Krug.
15:22 of 3rd period - Penalty to Phil Kessel is over, Phil Kessel is back on ice.
15:41 of 3rd period - Haydn Fleury is hit by Brandon Hagel and loses puck.
15:59 of 3rd period - Off-side.
16:00 of 3rd period - Michael Raffl wins face-off versus Ryan Donato in neutral zone.
16:05 of 3rd period - Wrist shot by Kevin Labanc.
16:05 of 3rd period - Stopped by David Rittich with a rebound.
16:07 of 3rd period - Slapshot by Connor Clifton.
16:07 of 3rd period - Shot Misses the Net.
16:09 of 3rd period - Slapshot by Michael Raffl.
16:09 of 3rd period - Goal by Michael Raffl - Boston Bruins : 2 - Hartford Whalers : 4.
16:10 of 3rd period - Casey Cizikas wins face-off versus Vincent Trocheck in neutral zone.
16:15 of 3rd period - Vincent Trocheck is hit by Alexis Lafreniere and loses puck.
17:35 of 3rd period - Wrist shot by Joel Farabee.
17:35 of 3rd period - Shot Misses the Net.
17:37 of 3rd period - Minor Penalty to Casey Cizikas for Tripping.
17:38 of 3rd period - Vincent Trocheck wins face-off versus Paul Byron in Hartford Whalers zone.
18:12 of 3rd period - Snap shot by Ryan Donato.
18:12 of 3rd period - Deflect By Kevin Labanc.
18:12 of 3rd period - Stopped by Anton Forsberg with a rebound.
19:26 of 3rd period - Paul Byron is hit by Joel Farabee and loses puck.
19:37 of 3rd period - Penalty to Casey Cizikas is over, Casey Cizikas is back on ice.
Goals for this period are 0 for Boston Bruins vs 2 for Hartford Whalers.
Shots for this period are 3 for Boston Bruins vs 12 for Hartford Whalers.
Back to the Top